 Dungeon Crawl Stone Soup version 0.27.1-2-g3b301248ec (webtiles) character file.

Game seed: 2884913889645134602

9 Descartes the Sneak (level 2, -4/16 HPs)
             Began as a Spriggan Delver on Sept 24, 2021.
             Killed by divine providence
             ... invoked by an orc priest
              (10 damage)
             ... on level 3 of the Dungeon.
             The game lasted 00:00:52 (362 turns).

Descartes the Sneak (Spriggan Delver)                Turns: 362, Time: 00:00:53

Health: -4/16      AC:  2    Str:  8    XL:     2   Next: 3%
Magic:  3/3        EV: 17    Int: 11    God:
Gold:   84         SH:  0    Dex: 16    Spells: 1/1 levels left

rFire    . . .     SeeInvis +   a - +0 short sword
rCold    . . .     Faith    .   (shield restricted)
rNeg     . . .     Spirit   .   b - +0 robe
rPois    .         Reflect  .   (helmet restricted)
rElec    .         Harm     .   (no cloak)
rCorr    .         Rampage  .   (gloves unavailable)
Will     .....                  (boots unavailable)
Stlth    ++++......             (no amulet)
HPRegen  0.05/turn              (no ring)
MPRegen  0.08/turn              (no ring)

@: very quick
A: very small, no large weapons, unfitting armour, see invisible, speed 3
a: no special abilities


You were on level 3 of the Dungeon.
You visited 1 branch of the dungeon, and saw 3 of its levels.

You collected 84 gold pieces.

Inventory:

Hand Weapons
 a - a +0 short sword (weapon)
Armour
 b - a +0 robe (worn)
Jewellery
 i - a ring of positive energy
Wands
 g - a wand of digging (3)
Scrolls
 c - 2 scrolls of fog
 d - a scroll of magic mapping
 e - a scroll of fear
Potions
 f - a potion of haste
 h - a potion of curing {unknown}


   Skills:
 - Level 2.4 Fighting
 + Level 2.5 Short Blades
 + Level 3.1 Dodging
 + Level 7.4 Stealth


You had one spell level left.
You didn't know any spells.
Your spell library was empty.

Dungeon Overview and Level Annotations

Branches:
Dungeon (5/15)
 Temple: D:4-7

Altars:
Yredelemnul


Innate Abilities, Weirdness & Mutations

You are very small and have problems with some larger weapons.
You are too small for most types of armour.
You have supernaturally acute eyesight. (SInv)
You cover ground extremely quickly. (Speed+++)


Message History

The kobold throws a stone.
The stone misses you. The kobold hits you with a +0 club.
You closely miss the kobold. The kobold misses you.
You hit the kobold but do no damage. The kobold misses you.
You barely miss the kobold. The kobold hits you but does no damage.
You hit the kobold but do no damage. The kobold hits you with a +0 club.
You hit the kobold.
You kill the kobold!
Things that are here:
a +0 club; 3 stones HP restored.
You now have 84 gold pieces (gained 18).
An orc priest comes into view.
It is wielding a +0 whip. 3 orcs come into view.
The orc shouts!
The orc priest shouts!
The orc shouts! x2
An orc comes into view. It is wielding a +0 dagger.
The orc shouts!
You hit the orc priest.
The orc priest is lightly wounded.
The orc priest barely misses you.
You hit the orc priest.
The orc priest is lightly wounded.
The orc priest mumbles some strange prayers to Beogh against you.
Pain shoots through your body!
You closely miss the orc priest.
The orc priest is lightly wounded.
The orc hits you with a +0 falchion. The orc priest closely misses you.
You closely miss the orc priest.
The orc priest is lightly wounded.
The orc misses you. The orc priest completely misses you.
You barely miss the orc priest.
The orc priest is lightly wounded.
The orc hits you with a +0 falchion. The orc priest hits you with a +0 whip.
You hit the orc priest.
The orc priest is moderately wounded.
The orc barely misses you.
The orc priest mumbles some strange prayers to Beogh against you.
Beogh smites you!
Ouch! That really hurt!
You die...

#........####
.# ###....###
.# #..### #.#
#..# ...
#####..# #.#
#......# o..
#..####.# #o# #
#.#####oo##
#.....@o..#
#..........#
..............#
####..........#
#..........#
#.##########
#.. #.# ##


You could see an orc priest and 4 orcs.

Vanquished Creatures
  A dart slug (D:3)
  An orc (D:4)
  A goblin (D:3)
  A quokka (D:4)
  2 kobolds (D:3)
6 creatures vanquished.

Notes
Turn   | Place    | Note
-------+----------+-------------------------------------------
     0 | D:5      | Descartes the Spriggan Delver began the quest for the Orb.
     0 | D:5      | Reached XP level 1. HP: 11/11 MP: 2/2
    30 | D:5      | Noticed a phantom
   166 | D:3      | Reached XP level 2. HP: 16/16 MP: 3/3
   191 | D:3      | Found a basalt altar of Yredelemnul.
   362 | D:3      | Killed from afar by an orc priest

Illustrated notes

Levels and vault maps discovered:
D:3:      layout_rooms, mainiacjoe_overflow_24_doors,
          mainiacjoe_overflow_cross_hatched, dk_noncrumbling_3, uniq_terence
D:4:      layout_loops_cross, uniq_natasha
D:5:      layout_loops_ring, gammafunk_ghost_mausoleum, serial_shops,
          nicolae_shop_crystal

Skill      XL: |  1 |
---------------+----+-----
Dodging        | 3 |  3.1
Fighting       | |  2.4
Short Blades   | |  2.5
Stealth        | |  7.4

Action                   || total
-------------------------++-------
Melee: Short sword       ||    16
 Stab: Sleeping          ||     4
Armor: Robe              ||     2
Dodge: Dodged            ||     9
